 Dungeon Crawl Stone Soup version 0.32-a0-614-gd166fa89d2 (webtiles) character file.

Game seed: 7697277811849120289

72 Dirtsage the Insei (level 4, 26/35 HPs)
             Began as a Demonspawn Monk on Mar 6, 2024.
             Quit the game on level 2 of the Dungeon.
             The game lasted 00:02:07 (1414 turns).

Dirtsage the Insei (Demonspawn Monk)                Turns: 1414, Time: 00:02:07

Health: 26/35      AC:  3    Str: 13    XL:     4   Next: 7%
Magic:  4/4        EV: 12    Int: 11    God:
Gold:   84         SH:  0    Dex: 15    Spells: 3/3 levels left

rFire   . .          .
                       - Unarmed
rCold   . . .        c - orb {light}
rNeg    . . .        a - +0 robe
rPois   .            m - +0 helmet
rElec   .            (no cloak)
rCorr   .            (no gloves)
SInv    .            (no boots)
Will    .....        (no amulet)
Stlth   +            (no ring)
HPRegen 0.25/turn    (no ring)
MPRegen 0.09/turn

%: no passive effects
@: mildly poisoned (26 -> 23), glowing
A: demonic guardian 2, demonic touch 1
a: no special abilities


You were on level 2 of the Dungeon.
You visited 1 branch of the dungeon, and saw 2 of its levels.

You collected 84 gold pieces.

Inventory:

Armour
 a - a +0 robe (worn)
 c - an orb of light (worn)
 m - a +0 helmet (worn)
Wands
 l - a wand of flame (21)
Scrolls
 d - a scroll of blinking {unknown}
 f - 4 scrolls of teleportation {unknown}
 g - a scroll of fear {unknown}
 i - 2 scrolls of identify {unknown}
 j - a scroll of enchant weapon {unknown}
 o - a scroll of vulnerability {unknown}
 p - a scroll of amnesia {unknown}
Potions
 b - a potion of ambrosia
 e - a potion of heal wounds {unknown}
 h - a potion of berserk rage {unknown}
 k - a potion of lignification {unknown}
 n - a potion of brilliance {unknown}


   Skills:
 - Level 3.0 Fighting
 - Level 2.6 Dodging
 + Level 4.5 Unarmed Combat


You had 3 spell levels left.
You didn't know any spells.
Your spell library contained the following spells:

 Spells                   Type           Power      Damage    Failure   Level
 Ensorcelled Hibernation  Hex/Ice        0%         N/A       47%         2
 Scorch                   Fire           0%         2d5       47%         2
 Passwall                 Erth           0%         N/A       71%         3
 Swiftness                Air            0%         N/A       71%         3
 Flame Wave               Conj/Fire      0%         2d4       98%         4
 Summon Cactus Giant      Summ           0%         N/A       100%        6


Dungeon Overview and Level Annotations

Branches:
Dungeon (2/15)

Altars:
Yredelemnul


Innate Abilities, Weirdness & Mutations

A demonic guardian rushes to your aid.
Your touch may inflict minor irresistible damage on your foes.


Message History

The jackal is heavily wounded.
The jackal barely misses you.
The jackal bites you but does no damage.
You hit the jackal but do no damage.
The jackal is heavily wounded.
The jackal barely misses you.
You hit the jackal.
You kill the jackal!
You hit the jackal.
The jackal is moderately wounded.
The jackal bites you.
You take 2 damage, and have 27/29 hp.
You hit the jackal.
You kill the jackal!
An adder comes into view.
The adder hisses angrily.
The adder barely misses you. x2
Health restored: 29 You closely miss the adder.
The adder closely misses you.
You punch the adder!
The adder is severely wounded.
The adder bites you.
You take 3 damage, and have 26/29 hp.
You closely miss the adder.
The adder is severely wounded.
The adder bites you.
You are poisoned.
The adder poisons you!
You take 3 damage, and have 23/29 hp.
You hit the adder.
You kill the adder!
You feel sick.
You have reached level 4!
You feel clever.
You feel monstrous as your demonic heritage exerts itself.
Your demonic ancestry asserts itself...
Your hands begin to faintly glow with unholy energy.
You regained 3 hp, and now have 26/35 hp.
MP restored: 4 Are you sure you want to abandon this character and quit the game? (Confirm with "yes".)

ß.
##.ß.'.#...........<>))..#..
...
#....####.#..#####.####..#..
...###...## #.##..# ....
#..#.. ....#....#.
#.....#....#. #..#..
#.......##.
######.######.##.....
#.<.ß.<.##. #... .. ##..#..
#.......##.##.# .##?# #..#..
....#....#....####....#.
#..#..
...###...##.....@.......
.>.... ...#
#....#...####..###. ##..#..
ß.## ##.ß.'.#.# .# ....#.#
..# #...###.# .. .......
.#######'##...# ## ...####
.##...........#
....###......## ###)#
#......# #.# ########


There were no monsters in sight!

Vanquished Creatures
  Robin (D:2)
  An adder (D:2)
  2 dart slugs (D:1)
  A ribbon worm (D:2)
  6 endoplasms
  2 giant cockroaches
  7 goblins
  2 hobgoblins
  7 jackals (D:2)
  A quokka (D:1)
  3 ball pythons
  2 frilled lizards (D:2)
  2 kobolds
  A rat (D:1)
38 creatures vanquished.

Vanquished Creatures (collateral kills)
  2 goblins (D:2)
  A hobgoblin (D:2)
3 creatures vanquished.

Grand Total: 41 creatures vanquished

Notes
Turn   | Place    | Note
-------+----------+-------------------------------------------
     0 | D:1      | Dirtsage the Demonspawn Monk began the quest for the Orb.
     0 | D:1      | Reached XP level 1. HP: 18/18 MP: 1/1
   205 | D:1      | Reached skill level 3 in Unarmed Combat
   247 | D:1      | Gained mutation: A weak demonic guardian rushes to your
                  | aid. [demonic ancestry]
   247 | D:1      | Reached XP level 2. HP: 20/24 MP: 2/2
   853 | D:2      | Gained mutation: A demonic guardian rushes to your aid.
                  | [demonic ancestry]
   853 | D:2      | Reached XP level 3. HP: 27/29 MP: 3/3
   860 | D:2      | Reached skill level 4 in Unarmed Combat
  1003 | D:2      | Found a basalt altar of Yredelemnul.
  1061 | D:2      | Noticed Robin
  1074 | D:2      | Killed Robin
  1414 | D:2      | Discovered your monstrous ancestry.
  1414 | D:2      | Gained mutation: Your touch may inflict minor irresistible
                  | damage on your foes. [demonic ancestry]
  1414 | D:2      | Reached XP level 4. HP: 26/35 MP: 4/4
  1414 | D:2      | Quit the game

Illustrated notes

Levels and vault maps discovered:
D:1:      wander_arrival_peaceful_grave, layout_basic
D:2:      layout_basic, basic_altar, chequers_serial_rivers_micro_e,
          grunt_ministairs_13, uniq_robin

Skill      XL: |  1  2  3 |
---------------+----------+-----
Unarmed Combat | 3 4 |  4.5
Fighting       | |  3.0
Dodging        | |  2.6

Action                     |  1- 3 |  4- 6 || total
---------------------------+-------+-------++-------
  Melee: Unarmed           |   112 |       ||   112
 Armour: Robe              |    41 |       ||    41
  Dodge: Dodged            |    46 |       ||    46

Table legend: (Time is in decaauts)
 A = Elapsed time spent in this place.
 B = Non-inter-level travel time spent in this place.
 C = Inter-level travel time spent in this place.
 D = Time resting spent in this place.
 E = Time spent auto-exploring this place.
 F = Levels seen in this place.
 G = Mean time per level.
                   A        B        C        D        E       F      G
               +--------+--------+--------+--------+--------+-----+--------+
         Total |   1406 |   1399 |      7 |      0 |   1192 |   2 |  703.0 |
       Dungeon |   1406 |   1399 |      7 |      0 |   1192 |   2 |  703.0 |
               +--------+--------+--------+--------+--------+-----+--------+

Top non-repeatable levels by time:
     D:1: 787 daAuts
     D:2: 618 daAuts
